 Dungeon Crawl Stone Soup version 0.26-a0-547-g695e311587 (webtiles) character file.

Game seed: 7533800811294100433

2957 Eifo4Ohj9gu9Dob0ohLe the Slicer (level 9, -2/79 HPs)
             Began as a Pale Draconian Berserker on Aug 20, 2020.
             Was a High Priest of Trog.
             Slain by a manticore (6 damage)
             ... on level 8 of the Dungeon.
             The game lasted 00:45:13 (9008 turns).

Eifo4Ohj9gu9Dob0ohLe the Slicer (DrBe)              Turns: 9008, Time: 00:45:14

Health: -2/79      AC:  7    Str: 23      XL:     9   Next: 52%
Magic:  9/9        EV: 14    Int:  6 (7)  God:    Trog [*****.]
Gold:   415        SH:  3    Dex: 10 (11) Spells: 8/8 levels left

rFire    . . .     SeeInvis +   b - +1 dagger (holy)
rCold    . . .     Faith    .   y - +0 buckler
rNeg     . . .     Spirit   .   (armour unavailable)
rPois    .         Reflect  .   (helmet restricted)
rElec    .         Harm     .   (no cloak)
rCorr    .                      (no gloves)
MR       +....                  (no boots)
Stlth    ++........             (no amulet)
HPRegen  0.63/turn              (no ring)
MPRegen  0.11/turn              (no ring)

@: no status effects
A: breathe steam, unfitting armour, big wings, see invisible, magic resistance
1, regeneration 1, evolution 1, cold-blooded, AC +7
a: Breathe Steam, Fly, Berserk, Trog's Hand, Brothers in Arms, Renounce Religion


You were on level 8 of the Dungeon.
You worshipped Trog.
Trog was extremely pleased with you.
You visited 1 branch of the dungeon, and saw 8 of its levels.

You collected 415 gold pieces.

Inventory:

Hand Weapons
 a - a +0 hand axe
 b - a +1 dagger of holy wrath (weapon)
 f - a +0 antimagic dagger
 n - a +2 dagger of protection
 p - a +2 dagger of flaming
 q - a +0 spear of venom
Missiles
 m - 29 poisoned darts
 r - 3 throwing nets (quivered)
Armour
 y - a +0 buckler (worn)
 E - a +2 pair of boots
 G - a +0 pair of boots
Jewellery
 e - an uncursed amulet of guardian spirit {unknown}
 g - the ring "Amuphaa Byuh" {rC++ rN+, unknown}
   (You found it on level 6 of the Dungeon)

   [ring of positive energy]

   It greatly protects you from cold.
   It protects you from negative energy.
 i - an uncursed amulet of regeneration
 o - an uncursed amulet of the acrobat {unknown}
 s - an uncursed ring of fire {unknown}
 u - a cursed ring of teleportation {unknown}
 C - an uncursed ring of resist corrosion {unknown}
Wands
 t - a wand of iceblast (8)
 D - a wand of polymorph (11)
Scrolls
 c - 3 scrolls of blinking
 d - 10 scrolls of identify
 h - 3 scrolls of enchant weapon
 j - 3 scrolls of immolation
 k - 5 scrolls of remove curse
 l - 4 scrolls of teleportation
 w - 2 scrolls of fog
 B - a scroll of amnesia
Potions
 v - a potion of brilliance
 x - a potion of curing
 z - a potion of mutation
 A - a potion of heal wounds
 F - a potion of resistance {unknown}


   Skills:
 + Level 7.1 Fighting
 + Level 8.2 Short Blades
 + Level 3.3 Axes
 + Level 0.3 Throwing
 + Level 7.3 Dodging
 + Level 3.3 Stealth
 + Level 1.1 Shields


You had 8 spell levels left.
You didn't know any spells.
Your spell library was empty.

Dungeon Overview and Level Annotations

Branches:
Dungeon (8/15)             Temple (0/1) D:5
   Lair: D:8-11

Altars:
Cheibriados
Elyvilon
Gozag
Hepliaklqana
Nemelex Xobeh
Sif Muna
Trog
Uskayaw
Wu Jian
Zin
The Shining One


Innate Abilities, Weirdness & Mutations

You can breathe blasts of scalding, opaque steam.
Your pale cyan-grey scales are hard. (AC +7)
You cannot fit into any form of body armour.
You are cold-blooded and may be slowed by cold attacks.
Your large and strong wings let you fly indefinitely.
You have supernaturally acute eyesight. (SInv)
You are resistant to hostile enchantments. (MR+)
Your natural rate of healing is unusually fast.
You evolve.


Message History

The manticore is heavily wounded.
The manticore is engulfed in a cloud of scalding steam.
The manticore closely misses you. x2; The manticore claws you!
You hit the manticore but do no damage. You tail-slap the manticore.
The manticore is severely wounded.
You hit the manticore but do no damage.
The manticore is severely wounded.
You have got your breath back.
The manticore bites you!!
* * * LOW HITPOINT WARNING * * *
The manticore claws you!
* * * LOW HITPOINT WARNING * * *
The manticore claws you!
* * * LOW HITPOINT WARNING * * *
Unknown command.
You barely miss the manticore.
You tail-slap the manticore, but do no damage.
The manticore is severely wounded.
The manticore bites you.
You die...

#..# .....
#.###).......
###.....# ...
##..>##### ...
##....# #.# ##....##
#.# #. .....##
#.####.... ###.##
#H......# ..#
###@)###.## #.## #
####...###.. #.
##.###..........#
#.##...............##
##... ####..........#
..... ##....)......#
..# #............#
### #..........###
########...<..[...#


You could see a manticore.

Vanquished Creatures
  A hippogriff (D:7)
  4 black bears
  2 orc warriors
  An ice beast (D:5)
  A sky beast (D:8)
  2 ogres
  A centaur (D:6)
  2 bullfrogs
  2 scorpions (D:5)
  5 wights (D:8)
  3 howler monkeys (D:7)
  2 centaur zombies
  2 bullfrog zombies
  A gnoll shaman (D:6)
  5 hounds
  2 orc priests
  2 jellies
  4 bullfrog skeletons
  5 orc wizards
  A worker ant (D:6)
  2 iguanas
  2 hound skeletons
  Robin (D:4)
  13 adders
  14 gnolls
  A shadow imp (D:6)
  2 white imps
  2 ufetubi (D:5)
  2 adder skeletons
  4 dart slugs
  7 leopard geckos
  34 orcs
  6 bats
  8 giant cockroaches
  21 goblins
  8 hobgoblins
  14 jackals
  10 kobolds
  2 quokkas
  2 ball pythons
  6 frilled lizards
  A giant cockroach zombie (D:5)
  A jackal zombie (D:5)
  2 quokka skeletons (D:4)
  8 rats
221 creatures vanquished.

Notes
Turn   | Place    | Note
-------+----------+-------------------------------------------
     0 | D:1      | Eifo4Ohj9gu9Dob0ohLe the Draconian Berserker began the
                  | quest for the Orb.
     0 | D:1      | Reached XP level 1. HP: 19/19 MP: 1/1
   225 | D:1      | Reached XP level 2. HP: 25/26 MP: 2/2
   703 | D:1      | Reached XP level 3. HP: 29/33 MP: 3/3
  1116 | D:2      | Reached skill level 1 in Short Blades
  1152 | D:2      | Reached ** piety under Trog
  1232 | D:2      | Found an opulent altar of Gozag.
  1814 | D:2      | Reached XP level 4. HP: 40/40 MP: 4/4
  2215 | D:3      | Reached skill level 2 in Short Blades
  2296 | D:3      | Noticed an orc warrior
  2318 | D:3      | Killed an orc warrior
  2318 | D:3      | Reached XP level 5. HP: 31/46 MP: 5/5
  2332 | D:3      | Reached skill level 3 in Short Blades
  2656 | D:3      | Found a white marble altar of Elyvilon.
  2656 | D:3      | Found a glowing silver altar of Zin.
  2656 | D:3      | Found a glowing golden altar of the Shining One.
  2767 | D:3      | Reached *** piety under Trog
  2767 | D:3      | Reached XP level 6. HP: 53/53 MP: 6/6
  3054 | D:3      | Found an ornate altar of the Wu Jian Council.
  3056 | D:3      | Found a hazy altar of Hepliaklqana.
  3057 | D:3      | Found a sparkling altar of Nemelex Xobeh.
  3350 | D:3      | Gained mutation: You evolve. [potion of mutation]
  3350 | D:3      | Gained mutation: Your large and strong wings let you fly
                  | indefinitely. [potion of mutation]
  3350 | D:3      | Gained mutation: You are resistant to hostile enchantments.
                  | (MR+) [potion of mutation]
  3752 | D:3      | Reached skill level 4 in Short Blades
  3853 | D:4      | Noticed Robin
  3876 | D:4      | Killed Robin
  3977 | D:4      | Reached skill level 1 in Stealth
  4152 | D:4      | Your scales start taking on a pale cyan-grey colour.
  4152 | D:4      | Reached XP level 7. HP: 57/60 MP: 7/7
  4257 | D:4      | Reached **** piety under Trog
  4257 | D:4      | Reached skill level 5 in Fighting
  4529 | D:5      | Entered Level 5 of the Dungeon
  4758 | D:5      | Gained mutation: You have supernaturally acute eyesight.
                  | (SInv) [evolution]
  5024 | D:5      | Reached skill level 5 in Short Blades
  5024 | D:5      | Reached skill level 5 in Dodging
  5569 | D:5      | Found a staircase to the Ecumenical Temple.
  5601 | D:5      | Reached XP level 8. HP: 69/69 MP: 8/8
  5606 | D:5      | Reached skill level 6 in Short Blades
  6424 | D:6      | Got a warped lapis lazuli ring
  6661 | D:6      | Found a bloodstained altar of Trog.
  6789 | D:6      | Reached skill level 7 in Short Blades
  6845 | D:6      | Gained mutation: Your natural rate of healing is unusually
                  | fast. [evolution]
  7073 | D:6      | Reached XP level 9. HP: 71/78 MP: 9/9
  7140 | D:6      | Found a bloodstained altar of Trog.
  7240 | D:6      | Found a snail-covered altar of Cheibriados.
  7814 | D:7      | Found a hide-covered altar of Uskayaw.
  8292 | D:7      | Reached ***** piety under Trog
  8536 | D:7      | Found a shimmering blue altar of Sif Muna.
  8871 | D:8      | Reached skill level 8 in Short Blades
  8975 | D:8      | Noticed a manticore
  8994 | D:8      | Reached skill level 1 in Shields
  9007 | D:8      | HP: 3/79 [manticore (7)]
  9008 | D:8      | Slain by a manticore

Illustrated notes

Levels and vault maps discovered:
D:1:      dpeg_arrival_tiny_g, layout_loops_ring
D:2:      layout_basic, grunt_gozag_statues
D:3:      layout_loops_cross, good_gods_mini_temple, minitemple,
          minmay_misc_feat_diagonals
D:4:      layout_rooms, mrwooster_statue_mirror, uniq_robin
D:5:      layout_loops_ring, minmay_temple_entry_proselytizer
D:6:      layout_layer_cave, trog_ov_bears_minmay, marbit_many_paths,
          basic_altar
D:7:      layout_rooms, nicolae_overflow_hidden_temple, lemuel_blue_sif_altar
D:8:      layout_rooms, ebering_ghost_inner_flame

Skill      XL: |  1  2  3  4  5  6  7  8  9 |
---------------+----------------------------+-----
Dodging        | 3 4 5 6 7 |  7.3
Short Blades   | 1 2 3 4 5 7 8 |  8.2
Fighting       | 4 5 6 7 |  7.1
Stealth        | 1 2 3 |  3.3
Shields        | 1 |  1.1
Axes           | |  3.3
Throwing       | |  0.3

Action                   |  1- 3 |  4- 6 |  7- 9 || total
-------------------------+-------+-------+-------++-------
Melee: Dagger            |   167 |   229 |   524 ||   920
       Hand axe          |     7 |       |       ||     7
       Tailslap          |    17 |    29 |    83 ||   129
Throw: Throwing net      |       |       |     2 ||     2
Invok: Berserk           |     2 |     8 |    11 ||    21
       Trog's Hand       |       |       |     1 ||     1
 Abil: Breathe Steam     |       |       |     4 ||     4
  Use: Scroll            |       |     6 |     4 ||    10
       Potion            |       |     4 |     5 ||     9
 Stab: Sleeping          |       |       |     4 ||     4
Armor: Skin              |    51 |    58 |   107 ||   216
Dodge: Dodged            |   131 |   145 |   309 ||   585
Block: Buckler           |       |       |    19 ||    19

Table legend: (Time is in decaauts)
 A = Elapsed time spent in this place.
 B = Non-inter-level travel time spent in this place.
 C = Inter-level travel time spent in this place.
 D = Time resting spent in this place.
 E = Time spent auto-exploring this place.
 F = Levels seen in this place.
 G = Mean time per level.
                   A        B        C        D        E       F      G
               +--------+--------+--------+--------+--------+-----+--------+
         Total |   8980 |   8923 |     57 |   3016 |   2080 |   8 | 1122.5 |
       Dungeon |   8980 |   8923 |     57 |   3016 |   2080 |   8 | 1122.5 |
               +--------+--------+--------+--------+--------+-----+--------+

Top non-repeatable levels by time:
     D:6: 1740 daAuts
     D:3: 1729 daAuts
     D:5: 1501 daAuts
     D:2: 1056 daAuts
     D:1: 1050 daAuts
     D:7: 750 daAuts
     D:4: 733 daAuts
     D:8: 418 daAuts
